[ AOE2 MATCH · #488729762 ]
UnrankedGurjaras vs Wei
[ REPLAY ANALYSIS · EXTRACTED FROM THE RECORDED GAME ]
Feudal
8:50
Castle
23:38
Imperial
—
| APM avg | 54.5 |
| APM peak | 79 |
| eAPM avg | 24.0 |
| Villagers / military | 72 / 50 |
Focus
⚔️ 35.0% · 🌾 65.0%
Camel Scout ×28 · Scout Cavalry ×20 · Spearman ×1 · Shrivamsha Rider ×1
Feudal
8:25
Castle
24:23
Imperial
—
| APM avg | 64.9 |
| APM peak | 109 |
| eAPM avg | 34.5 |
| Villagers / military | 53 / 92 |
Focus
⚔️ 60.7% · 🌾 39.3%
Archer ×92
Feudal
8:53
Castle
21:30
Imperial
—
| APM avg | 60.1 |
| APM peak | 121 |
| eAPM avg | 22.8 |
| Villagers / military | 76 / 13 |
Focus
⚔️ 36.2% · 🌾 63.8%
Unknown (1944) ×21 · Scout Cavalry ×9 · Monk ×2 · Spearman ×2
Feudal
8:51
Castle
23:44
Imperial
—
| APM avg | 54.1 |
| APM peak | 95 |
| eAPM avg | 24.2 |
| Villagers / military | 67 / 65 |
Focus
⚔️ 36.0% · 🌾 64.0%
Archer ×58 · Skirmisher ×6 · Spearman ×1
Match map
Initial resources + every placement click. Lines = walls · curves = elevation contours. ◆ gold · ⬟ stone · ● berries · ✦ relic · ◌ wall gap
Your base· ✓ Closed at 23:38 · 31t walls · 1 gate(s)
TAG_Sitaux's base· Open — 5t gap
DK | Good_luck's base· Open — 3t gap
OS+ | Emil :D's base· Open — unwalled flank
Smoothed initial terrain · ◌ = detected wall gap · hover for details
Inputs per minute
— TAG_Smiley - - TAG_Sitaux
Build order — TAG_Smiley
First 150 of 210 actions detected
| 0:00 | Create | Villager (Male) |
| 0:01 | Create | Villager (Male) |
| 0:01 | Create | Villager (Male) |
| 0:02 | Build | House |
| 0:03 | Build | House |
| 0:09 | Create | Villager (Male) |
| 1:22 | Build | Mill |
| 1:37 | Create | Villager (Male) |
| 1:56 | Create | Villager (Male) |
| 1:56 | Create | Villager (Male) |
| 2:19 | Create | Villager (Male) |
| 2:20 | Create | Villager (Male) |
| 2:20 | Create | Villager (Male) |
| 2:35 | Create | Villager (Male) |
| 2:52 | Create | Villager (Male) |
| 3:02 | Build | House |
| 3:03 | Build | House |
| 3:11 | Create | Villager (Male) |
| 3:30 | Create | Villager (Male) |
| 4:01 | Create | Villager (Male) |
| 4:26 | Create | Villager (Male) |
| 4:26 | Create | Villager (Male) |
| 4:26 | Create | Villager (Male) |
| 5:26 | Build | Lumber Camp |
| 5:48 | Research | Loom |
| 6:21 | Research | Feudal Age |
| 7:00 | Create | Villager (Male) |
| 7:34 | Build | Barracks |
| 8:50 | Age | Feudal Age |
| 8:53 | Build | Stable |
| 8:57 | Create | Villager (Male) |
| 8:59 | Research | Double-Bit Axe |
| 8:59 | Research | Horse Collar |
| 9:27 | Create | Villager (Male) |
| 9:33 | Create | Scout Cavalry |
| 9:37 | Build | Farm |
| 9:38 | Build | Farm |
| 9:41 | Build | Farm |
| 9:45 | Create | Villager (Male) |
| 9:50 | Build | House |
| 10:02 | Build | House |
| 10:09 | Create | Scout Cavalry |
| 10:10 | Create | Scout Cavalry |
| 10:11 | Build | Farm |
| 10:25 | Build | Farm |
| 10:38 | Create | Villager (Male) |
| 10:42 | Build | Farm |
| 10:46 | Build | House |
| 10:50 | Build | House |
| 10:51 | Build | Palisade Wall |
| 10:55 | Build | House |
| 11:02 | Build | Palisade Wall |
| 11:04 | Build | Palisade Wall |
| 11:08 | Build | Palisade Wall |
| 11:09 | Create | Villager (Male) |
| 11:13 | Create | Spearman |
| 11:27 | Build | Farm |
| 11:37 | Create | Villager (Male) |
| 11:39 | Build | Farm |
| 11:50 | Create | Villager (Male) |
| 11:57 | Create | Scout Cavalry |
| 11:57 | Create | Scout Cavalry |
| 12:19 | Build | Farm |
| 12:21 | Build | Farm |
| 12:22 | Build | Farm |
| 12:28 | Create | Villager (Male) |
| 12:41 | Build | House |
| 12:41 | Build | Palisade Wall |
| 12:47 | Build | Palisade Gate |
| 12:48 | Build | Palisade Wall |
| 12:53 | Create | Scout Cavalry |
| 12:55 | Create | Villager (Male) |
| 13:00 | Build | Farm |
| 13:03 | Build | House |
| 13:22 | Create | Villager (Male) |
| 13:26 | Create | Villager (Male) |
| 13:27 | Create | Scout Cavalry |
| 13:28 | Create | Scout Cavalry |
| 13:47 | Create | Scout Cavalry |
| 13:59 | Create | Villager (Male) |
| 14:06 | Build | Blacksmith |
| 14:09 | Build | House |
| 14:10 | Build | Palisade Wall |
| 14:29 | Create | Villager (Male) |
| 14:32 | Create | Villager (Male) |
| 14:33 | Create | Scout Cavalry |
| 14:34 | Create | Scout Cavalry |
| 15:04 | Create | Villager (Male) |
| 15:13 | Create | Villager (Male) |
| 15:16 | Build | Farm |
| 15:16 | Build | Farm |
| 15:16 | Build | Farm |
| 15:33 | Build | House |
| 15:38 | Build | Palisade Wall |
| 15:50 | Create | Villager (Male) |
| 15:58 | Build | House |
| 15:59 | Build | Palisade Wall |
| 16:16 | Create | Villager (Male) |
| 16:27 | Create | Villager (Male) |
| 16:30 | Build | Farm |
| 16:30 | Build | Farm |
| 16:34 | Build | Mining Camp |
| 16:40 | Build | Watch Tower |
| 16:51 | Build | Palisade Wall |
| 17:09 | Build | House |
| 17:10 | Build | House |
| 17:16 | Build | House |
| 17:27 | Create | Villager (Male) |
| 17:40 | Build | House |
| 17:47 | Build | House |
| 17:49 | Build | House |
| 17:54 | Build | House |
| 17:55 | Create | Villager (Male) |
| 18:21 | Create | Villager (Male) |
| 18:24 | Build | Farm |
| 18:47 | Create | Scout Cavalry |
| 18:47 | Create | Scout Cavalry |
| 18:50 | Create | Villager (Male) |
| 19:08 | Create | Villager (Male) |
| 19:13 | Create | Scout Cavalry |
| 19:13 | Create | Scout Cavalry |
| 19:20 | Build | Market |
| 19:22 | Create | Scout Cavalry |
| 19:32 | Research | Scale Barding Armor |
| 19:32 | Research | Scale Barding Armor |
| 19:51 | Create | Villager (Male) |
| 20:17 | Build | Watch Tower |
| 20:26 | Build | Farm |
| 20:30 | Create | Villager (Male) |
| 20:41 | Create | Scout Cavalry |
| 20:58 | Research | Castle Age |
| 21:16 | Build | House |
| 21:38 | Build | Stable |
| 21:43 | Research | Gold Mining |
| 21:59 | Research | Bloodlines |
| 22:08 | Create | Scout Cavalry |
| 22:14 | Build | Farm |
| 22:24 | Build | House |
| 22:45 | Create | Scout Cavalry |
| 22:55 | Create | Scout Cavalry |
| 23:24 | Research | Forging |
| 23:38 | Build | Lumber Camp |
| 23:38 | Age | Castle Age |
| 23:40 | Create | Shrivamsha Rider |
| 23:41 | Create | Camel Scout |
| 23:41 | Create | Camel Scout ×2 |
| 23:51 | Create | Camel Scout |
| 23:58 | Create | Villager (Male) |
| 24:00 | Create | Villager (Male) |
| 24:04 | Build | Mill |
Build order — TAG_Sitaux
First 150 of 225 actions detected
| 0:00 | Create | Villager (Male) |
| 0:00 | Create | Villager (Male) |
| 0:01 | Build | House |
| 0:02 | Build | House |
| 0:06 | Create | Villager (Male) |
| 0:10 | Create | Villager (Male) |
| 0:10 | Create | Villager (Male) |
| 1:20 | Create | Villager (Male) |
| 1:21 | Create | Villager (Male) |
| 1:48 | Create | Villager (Male) |
| 2:18 | Create | Villager (Male) |
| 2:43 | Create | Villager (Male) |
| 3:05 | Create | Villager (Male) |
| 3:10 | Build | Mill |
| 3:14 | Create | Villager (Male) |
| 3:32 | Create | Villager (Male) |
| 3:33 | Build | House |
| 4:02 | Create | Villager (Male) |
| 4:23 | Create | Villager (Male) |
| 5:22 | Create | Villager (Male) |
| 5:24 | Research | Loom |
| 5:32 | Build | Lumber Camp |
| 6:10 | Research | Feudal Age |
| 7:39 | Create | Villager (Male) |
| 7:43 | Build | House |
| 8:25 | Build | Mining Camp |
| 8:25 | Age | Feudal Age |
| 8:28 | Build | Archery Range |
| 8:32 | Research | Double-Bit Axe |
| 8:33 | Create | Villager (Male) |
| 9:11 | Build | Archery Range |
| 9:12 | Create | Archer |
| 9:17 | Create | Villager (Male) |
| 9:26 | Build | House |
| 9:33 | Create | Archer |
| 9:34 | Create | Villager (Male) |
| 9:46 | Build | House |
| 10:02 | Create | Villager (Male) |
| 10:11 | Create | Archer |
| 10:13 | Build | House |
| 10:17 | Create | Villager (Male) |
| 10:27 | Create | Archer |
| 10:33 | Create | Villager (Male) |
| 10:47 | Create | Archer |
| 10:57 | Build | Palisade Wall |
| 10:58 | Create | Villager (Male) |
| 11:18 | Build | Mill |
| 11:19 | Create | Villager (Male) |
| 11:24 | Build | House |
| 11:25 | Build | Palisade Wall |
| 11:25 | Build | Palisade Wall |
| 11:28 | Build | Palisade Wall |
| 11:28 | Build | Palisade Wall |
| 11:29 | Build | Palisade Wall |
| 11:30 | Build | Palisade Wall |
| 11:31 | Build | Palisade Wall |
| 11:31 | Build | Palisade Wall |
| 11:35 | Create | Archer |
| 11:35 | Create | Archer |
| 11:41 | Create | Villager (Male) |
| 11:43 | Build | Palisade Wall |
| 11:47 | Build | House |
| 11:48 | Build | Palisade Wall |
| 11:55 | Create | Archer |
| 12:05 | Create | Villager (Male) |
| 12:09 | Create | Archer |
| 12:15 | Build | House |
| 12:35 | Create | Archer |
| 12:35 | Create | Archer |
| 12:40 | Build | House |
| 12:53 | Create | Archer |
| 12:58 | Create | Villager (Male) |
| 13:04 | Build | Farm |
| 13:05 | Build | Farm |
| 13:21 | Create | Villager (Male) |
| 13:24 | Create | Archer |
| 13:28 | Create | Archer |
| 13:40 | Build | Blacksmith |
| 13:52 | Build | Watch Tower |
| 13:59 | Create | Archer |
| 14:36 | Research | Fletching |
| 14:36 | Research | Fletching |
| 14:36 | Create | Archer |
| 14:38 | Create | Archer |
| 14:57 | Create | Archer |
| 15:14 | Create | Archer |
| 15:19 | Create | Villager (Male) |
| 15:19 | Create | Villager (Male) |
| 15:24 | Create | Archer |
| 15:41 | Create | Archer |
| 15:53 | Create | Archer |
| 15:59 | Build | Farm |
| 16:03 | Build | House |
| 16:10 | Create | Villager (Male) |
| 16:13 | Create | Archer |
| 16:26 | Create | Villager (Male) |
| 16:31 | Build | Farm |
| 16:36 | Create | Villager (Male) |
| 16:37 | Create | Archer |
| 16:52 | Create | Archer |
| 16:59 | Create | Archer |
| 17:01 | Create | Villager (Male) |
| 17:06 | Build | Farm |
| 17:19 | Create | Archer |
| 17:31 | Create | Villager (Male) |
| 17:33 | Create | Archer |
| 17:41 | Research | Padded Archer Armor |
| 17:48 | Create | Archer |
| 17:53 | Create | Villager (Male) |
| 18:08 | Build | Farm |
| 18:09 | Build | Farm |
| 18:32 | Create | Villager (Male) |
| 18:34 | Create | Archer |
| 18:42 | Create | Archer |
| 18:47 | Create | Archer |
| 18:58 | Build | House |
| 19:00 | Build | House |
| 19:04 | Build | Farm |
| 19:07 | Build | Farm |
| 19:10 | Create | Villager (Male) |
| 19:12 | Create | Archer |
| 19:17 | Create | Archer |
| 19:39 | Create | Villager (Male) |
| 19:42 | Build | Farm |
| 19:47 | Create | Archer |
| 19:59 | Create | Archer |
| 20:02 | Build | House |
| 20:03 | Create | Villager (Male) |
| 20:06 | Build | Palisade Wall |
| 20:11 | Create | Archer |
| 20:29 | Create | Villager (Male) |
| 20:30 | Build | Mining Camp |
| 20:35 | Create | Archer |
| 21:01 | Build | Farm |
| 21:08 | Create | Archer |
| 21:29 | Create | Archer |
| 21:29 | Create | Archer |
| 21:40 | Build | Archery Range |
| 21:42 | Build | Palisade Wall |
| 21:43 | Research | Castle Age |
| 21:59 | Build | Farm |
| 22:05 | Create | Archer |
| 22:06 | Create | Archer |
| 22:16 | Build | House |
| 22:29 | Create | Archer |
| 22:35 | Create | Archer |
| 22:40 | Build | Palisade Gate |
| 22:42 | Build | Palisade Wall |
| 22:46 | Create | Archer |
| 22:46 | Create | Archer |
Build order — DK | Good_luck
First 150 of 213 actions detected
| 0:01 | Create | Villager (Male) |
| 0:02 | Build | House |
| 0:02 | Build | House |
| 0:06 | Create | Villager (Male) |
| 0:10 | Create | Villager (Male) |
| 0:14 | Create | Villager (Male) |
| 1:10 | Create | Villager (Male) |
| 1:50 | Build | Lumber Camp |
| 1:55 | Create | Villager (Male) |
| 2:15 | Create | Villager (Male) |
| 2:28 | Create | Villager (Male) |
| 3:03 | Create | Villager (Male) |
| 3:16 | Create | Villager (Male) |
| 3:52 | Create | Villager (Male) |
| 3:54 | Build | House |
| 4:00 | Create | Villager (Male) |
| 4:10 | Build | House |
| 4:51 | Create | Villager (Male) |
| 4:57 | Create | Villager (Male) |
| 5:11 | Build | Mill |
| 5:18 | Create | Villager (Male) |
| 5:44 | Create | Villager (Male) |
| 5:50 | Research | Loom |
| 6:43 | Research | Feudal Age |
| 7:22 | Build | Barracks |
| 8:08 | Create | Villager (Male) |
| 8:10 | Build | House |
| 8:29 | Build | Palisade Wall |
| 8:45 | Create | Villager (Male) |
| 8:53 | Age | Feudal Age |
| 8:54 | Build | Stable |
| 9:04 | Create | Spearman |
| 9:25 | Create | Villager (Male) |
| 9:35 | Create | Villager (Male) |
| 9:36 | Create | Scout Cavalry |
| 9:39 | Build | Mill |
| 9:48 | Build | House |
| 9:51 | Create | Scout Cavalry |
| 9:58 | Create | Villager (Male) |
| 10:07 | Research | Double-Bit Axe |
| 10:15 | Build | House |
| 10:33 | Create | Scout Cavalry |
| 10:44 | Build | Farm |
| 10:46 | Build | Farm |
| 10:58 | Create | Villager (Male) |
| 11:04 | Build | Farm |
| 11:16 | Create | Villager (Male) |
| 11:23 | Build | House |
| 11:27 | Build | Farm |
| 11:28 | Build | Farm |
| 11:38 | Create | Villager (Male) |
| 11:39 | Build | Farm |
| 11:50 | Build | House |
| 11:56 | Create | Villager (Male) |
| 12:06 | Build | Farm |
| 12:08 | Build | House |
| 12:12 | Create | Scout Cavalry |
| 12:17 | Build | Palisade Wall |
| 12:24 | Build | Palisade Wall |
| 12:28 | Build | Palisade Wall |
| 12:32 | Create | Villager (Male) |
| 12:46 | Create | Villager (Male) |
| 12:59 | Research | Horse Collar |
| 13:03 | Build | Farm |
| 13:03 | Build | Farm |
| 13:21 | Create | Villager (Male) |
| 13:24 | Build | Farm |
| 13:33 | Create | Villager (Male) |
| 13:35 | Build | Mining Camp |
| 13:46 | Build | Farm |
| 13:51 | Create | Scout Cavalry |
| 14:00 | Create | Villager (Male) |
| 14:06 | Build | Farm |
| 14:16 | Create | Scout Cavalry |
| 14:24 | Build | Farm |
| 14:46 | Create | Villager (Male) |
| 14:56 | Create | Villager (Male) |
| 14:59 | Build | Blacksmith |
| 15:12 | Create | Scout Cavalry |
| 15:13 | Create | Villager (Male) |
| 15:23 | Create | Villager (Male) |
| 15:35 | Build | Farm |
| 15:36 | Build | Farm |
| 15:39 | Research | Scale Barding Armor |
| 16:00 | Research | Wheelbarrow |
| 16:27 | Create | Villager (Male) |
| 16:29 | Build | Lumber Camp |
| 17:03 | Create | Spearman |
| 17:43 | Create | Villager (Male) |
| 17:47 | Build | Farm |
| 17:49 | Build | Farm |
| 18:50 | Research | Castle Age |
| 19:08 | Research | Bloodlines |
| 19:10 | Create | Villager (Male) |
| 19:12 | Build | Stable |
| 19:22 | Create | Scout Cavalry |
| 19:31 | Build | Farm |
| 19:35 | Build | Farm |
| 19:36 | Build | Farm |
| 19:37 | Build | Farm |
| 19:53 | Research | Forging |
| 19:53 | Research | Forging |
| 20:09 | Create | Scout Cavalry |
| 20:12 | Build | Farm |
| 20:48 | Build | House |
| 20:50 | Build | House |
| 20:56 | Build | House |
| 21:06 | Build | Lumber Camp |
| 21:30 | Age | Castle Age |
| 21:31 | Research | Light Cavalry (upgrade) |
| 21:32 | Research | Bow Saw |
| 21:33 | Create | Villager (Male) |
| 21:38 | Build | Town Center |
| 21:39 | Create | Villager (Male) |
| 21:56 | Create | Villager (Male) |
| 21:58 | Research | Heavy Plow |
| 22:10 | Build | Town Center |
| 22:24 | Create | Unit 1944 |
| 22:24 | Create | Unit 1944 |
| 22:29 | Create | Villager (Male) |
| 22:35 | Create | Villager (Male) |
| 22:45 | Create | Unit 1944 |
| 22:45 | Create | Unit 1944 |
| 22:54 | Create | Villager (Male) |
| 23:13 | Create | Villager (Male) |
| 23:22 | Create | Unit 1944 |
| 23:22 | Create | Unit 1944 |
| 23:29 | Create | Villager (Male) |
| 23:38 | Build | Farm |
| 23:44 | Create | Villager (Male) |
| 23:52 | Build | Farm |
| 23:54 | Create | Villager (Male) |
| 23:54 | Create | Villager (Male) |
| 23:58 | Create | Villager (Male) |
| 23:59 | Build | Farm |
| 24:00 | Build | Farm |
| 24:00 | Build | Farm |
| 24:00 | Build | Farm |
| 24:01 | Build | Farm |
| 24:08 | Create | Unit 1944 |
| 24:08 | Create | Unit 1944 |
| 24:37 | Research | Husbandry |
| 24:37 | Research | Husbandry |
| 24:44 | Build | Farm |
| 24:44 | Build | Farm |
| 24:45 | Build | Farm |
| 24:47 | Build | Farm |
| 24:48 | Build | Farm |
| 24:52 | Create | Villager (Male) |
| 24:57 | Create | Unit 1944 |
Build order — OS+ | Emil :D
First 150 of 218 actions detected
| 0:00 | Create | Villager (Male) |
| 0:01 | Create | Villager (Male) |
| 0:01 | Build | House |
| 0:02 | Build | House |
| 0:36 | Create | Villager (Male) |
| 0:43 | Create | Villager (Male) |
| 1:31 | Create | Villager (Male) |
| 1:31 | Create | Villager (Male) |
| 1:45 | Build | Lumber Camp |
| 1:50 | Create | Villager (Male) |
| 2:06 | Create | Villager (Male) |
| 2:34 | Create | Villager (Male) |
| 2:34 | Create | Villager (Male) |
| 2:46 | Create | Villager (Male) |
| 3:27 | Create | Villager (Male) |
| 3:28 | Build | House |
| 3:53 | Build | Mill |
| 4:06 | Create | Villager (Male) |
| 4:21 | Create | Villager (Male) |
| 4:24 | Create | Villager (Male) |
| 4:24 | Create | Villager (Male) |
| 5:17 | Create | Villager (Male) |
| 5:18 | Create | Villager (Male) |
| 5:59 | Create | Villager (Male) |
| 6:01 | Build | House |
| 6:41 | Research | Feudal Age |
| 7:05 | Build | House |
| 7:30 | Build | Mining Camp |
| 7:32 | Build | Palisade Wall |
| 8:29 | Build | Barracks |
| 8:40 | Research | Loom |
| 8:40 | Create | Villager (Male) |
| 8:51 | Age | Feudal Age |
| 9:11 | Build | Palisade Gate |
| 9:19 | Create | Villager (Male) |
| 9:24 | Build | Archery Range |
| 9:34 | Build | Archery Range |
| 9:50 | Build | House |
| 9:54 | Create | Villager (Male) |
| 10:13 | Create | Villager (Male) |
| 10:18 | Create | Archer |
| 10:20 | Create | Archer |
| 10:31 | Create | Villager (Male) |
| 10:32 | Build | Farm |
| 10:33 | Build | Farm |
| 10:44 | Build | Farm |
| 10:53 | Create | Villager (Male) |
| 10:54 | Create | Archer |
| 10:55 | Create | Archer |
| 11:13 | Create | Villager (Male) |
| 11:17 | Create | Archer |
| 11:17 | Create | Archer |
| 11:24 | Build | Watch Tower |
| 11:26 | Create | Archer |
| 11:32 | Create | Villager (Male) |
| 11:57 | Create | Archer |
| 12:00 | Create | Villager (Male) |
| 12:08 | Build | Farm |
| 12:10 | Build | Farm |
| 12:12 | Create | Archer |
| 12:18 | Build | House |
| 12:37 | Build | House |
| 12:38 | Build | House |
| 12:43 | Build | Farm |
| 12:52 | Create | Villager (Male) |
| 13:01 | Build | Blacksmith |
| 13:16 | Create | Villager (Male) |
| 13:26 | Build | House |
| 13:27 | Build | House |
| 13:36 | Research | Fletching |
| 13:37 | Create | Villager (Male) |
| 13:38 | Build | Farm |
| 13:45 | Create | Archer |
| 13:45 | Create | Archer |
| 13:51 | Build | House |
| 14:01 | Build | Farm |
| 14:03 | Build | Farm |
| 14:09 | Create | Villager (Male) |
| 14:13 | Build | Farm |
| 14:33 | Create | Spearman |
| 14:35 | Build | House |
| 14:36 | Build | House |
| 14:38 | Build | House |
| 14:40 | Build | Palisade Wall |
| 14:49 | Create | Villager (Male) |
| 15:34 | Create | Villager (Male) |
| 15:44 | Create | Archer |
| 15:44 | Create | Archer |
| 15:54 | Create | Archer |
| 15:54 | Create | Archer |
| 15:58 | Create | Villager (Male) |
| 16:12 | Create | Villager (Male) |
| 16:18 | Create | Villager (Male) |
| 16:23 | Build | Farm |
| 16:25 | Create | Archer |
| 16:25 | Create | Archer |
| 16:31 | Create | Skirmisher |
| 16:32 | Create | Villager (Male) |
| 16:37 | Build | Farm |
| 16:43 | Create | Skirmisher |
| 17:04 | Build | Farm |
| 17:08 | Create | Skirmisher |
| 17:08 | Create | Skirmisher |
| 17:28 | Create | Villager (Male) |
| 17:35 | Create | Skirmisher |
| 17:53 | Create | Villager (Male) |
| 18:03 | Build | Mill |
| 18:21 | Create | Villager (Male) |
| 18:47 | Create | Villager (Male) |
| 19:04 | Create | Archer |
| 19:05 | Create | Archer |
| 19:09 | Create | Villager (Male) |
| 19:12 | Build | Market |
| 19:17 | Create | Archer |
| 19:17 | Create | Archer |
| 19:22 | Build | Farm |
| 19:22 | Build | Farm |
| 19:24 | Create | Villager (Male) |
| 19:34 | Create | Villager (Male) |
| 19:52 | Build | Farm |
| 19:58 | Create | Archer |
| 19:59 | Create | Archer |
| 20:20 | Build | Farm |
| 20:29 | Build | Farm |
| 20:38 | Create | Villager (Male) |
| 21:04 | Research | Castle Age |
| 21:06 | Create | Archer |
| 21:14 | Build | House |
| 21:18 | Build | Lumber Camp |
| 21:26 | Research | Padded Archer Armor |
| 21:27 | Create | Archer |
| 21:27 | Create | Archer |
| 21:35 | Build | House |
| 22:01 | Build | Lumber Camp |
| 22:04 | Create | Archer |
| 22:04 | Create | Archer |
| 22:13 | Build | Outpost |
| 22:17 | Build | Outpost |
| 22:22 | Create | Archer |
| 22:28 | Create | Archer |
| 22:28 | Create | Archer |
| 22:31 | Create | Villager (Male) |
| 22:52 | Build | Outpost |
| 23:18 | Create | Archer |
| 23:27 | Create | Archer |
| 23:37 | Create | Archer |
| 23:44 | Age | Castle Age |
| 23:50 | Research | Bodkin Arrow |
| 23:55 | Research | Crossbowman (upgrade) |
| 23:55 | Research | Crossbowman (upgrade) |
Match timeline
| 7:22 | DK | Good_luck · first_building Barracks |
| 7:32 | OS+ | Emil :D · wall_segment Palisade Wall x1 |
| 7:34 | TAG_Smiley · first_building Barracks |
| 8:25 | TAG_Sitaux · age_up feudal |
| 8:28 | TAG_Sitaux · first_building Archery Range |
| 8:29 | OS+ | Emil :D · first_building Barracks |
| 8:29 | DK | Good_luck · wall_segment Palisade Wall x1 |
| 8:50 | TAG_Smiley · age_up feudal |
| 8:51 | OS+ | Emil :D · age_up feudal |
| 8:53 | TAG_Smiley · first_building Stable |
| 8:53 | DK | Good_luck · age_up feudal |
| 8:54 | DK | Good_luck · first_building Stable |
| 9:24 | OS+ | Emil :D · first_building Archery Range |
| 10:51 | TAG_Smiley · wall_segment Palisade Wall x1 |
| 10:57 | TAG_Sitaux · wall_segment Palisade Wall x6 |
| 11:02 | TAG_Smiley · wall_segment Palisade Wall x1 |
| 11:04 | TAG_Smiley · wall_segment Palisade Wall x1 |
| 11:08 | TAG_Smiley · wall_segment Palisade Wall x1 |
| 11:25 | TAG_Sitaux · wall_segment Palisade Wall x1 |
| 11:25 | TAG_Sitaux · wall_segment Palisade Wall x1 |
| 11:28 | TAG_Sitaux · wall_segment Palisade Wall x1 |
| 11:28 | TAG_Sitaux · wall_segment Palisade Wall x1 |
| 11:29 | TAG_Sitaux · wall_segment Palisade Wall x1 |
| 11:30 | TAG_Sitaux · wall_segment Palisade Wall x1 |
| 11:31 | TAG_Sitaux · wall_segment Palisade Wall x1 |
| 11:31 | TAG_Sitaux · wall_segment Palisade Wall x1 |
| 11:43 | TAG_Sitaux · wall_segment Palisade Wall x1 |
| 11:48 | TAG_Sitaux · wall_segment Palisade Wall x2 |
| 12:17 | DK | Good_luck · wall_segment Palisade Wall x4 |
| 12:24 | DK | Good_luck · wall_segment Palisade Wall x17 |
| 12:28 | DK | Good_luck · wall_segment Palisade Wall x1 |
| 12:41 | TAG_Smiley · wall_segment Palisade Wall x1 |
| 12:48 | TAG_Smiley · wall_segment Palisade Wall x1 |
| 14:10 | TAG_Smiley · wall_segment Palisade Wall x7 |
| 14:40 | OS+ | Emil :D · wall_segment Palisade Wall x1 |
| 15:38 | TAG_Smiley · wall_segment Palisade Wall x13 |
| 15:59 | TAG_Smiley · wall_segment Palisade Wall x5 |
| 16:51 | TAG_Smiley · wall_segment Palisade Wall x1 |
| 20:04 | OS+ | Emil :D · first_market_buy 100 food |
| 20:06 | TAG_Sitaux · wall_segment Palisade Wall x1 |
| 20:14 | TAG_Smiley · first_market_buy 100 stone |
| 21:30 | DK | Good_luck · age_up castle |
| 21:42 | TAG_Sitaux · wall_segment Palisade Wall x1 |
| 22:42 | TAG_Sitaux · wall_segment Palisade Wall x3 |
| 22:57 | TAG_Sitaux · wall_segment Palisade Wall x1 |
| 22:57 | TAG_Sitaux · wall_segment Palisade Wall x1 |
| 23:38 | TAG_Smiley · age_up castle |
| 23:44 | OS+ | Emil :D · age_up castle |
| 23:53 | OS+ | Emil :D · first_market_sell 100 food |
| 24:23 | TAG_Sitaux · age_up castle |
| 25:11 | TAG_Smiley · first_market_sell 100 wood |
| 26:15 | DK | Good_luck · first_building Monastery |
| 29:22 | TAG_Sitaux · resign |
[ AI ANALYSIS · 1 CREDIT ]
What really happened in this match?
Wolo.gg analyzes every decision: build order, eco, micro, common mistakes by bracket. Personalized analysis on WhatsApp or Discord in 30 seconds.
Civ guide
Gurjaras
Perfil
Jugador #18004412